Map: Dusk Towers

Players

Hymirth - Winner!

  • Race: Protoss Protoss
  • League: Master

Spyro

  • Race: Terran Terran
  • League: Master

VOD

Have the link to the VOD?

Description

Time

  • Played on: Dec. 15, 2015, 9:50 p.m.
  • Length: 34:55
Show
View Real Time Build Order
Export as new Build Order

Hymirth Protoss - Winner!

Build Orders: 1 Gate Expand 

Get SALT Encoding   

  12  0:01  Probe (Chrono Boost)  
  13  0:12  Probe (Chrono Boost)  
  14  0:18  Pylon  
  14  0:23  Probe (Chrono Boost)  
  15  0:36  Probe (Chrono Boost)  
  15  0:41  Gateway  
  16  0:46  Probe (Chrono Boost)  
  17  0:55  Assimilator  
  18  0:57  Probe (Chrono Boost)  
  18  1:07  Probe (Chrono Boost)  
  19  1:21  Nexus  
  19  1:31  Cybernetics Core  
  19  1:36  Probe (Chrono Boost)  
  20  1:47  Probe (Chrono Boost), Pylon  
  20  1:52  Assimilator  
  21  1:59  Probe (Chrono Boost)  
  22  2:10  Mothership Core (Chrono Boost)  
  24  2:18  Adept  
  26  2:26  Warp Gate  
  26  2:28  Probe (Chrono Boost)  
  27  2:35  Probe (Chrono Boost)  
  28  2:39  Probe (Chrono Boost)  
  29  2:46  Probe (Chrono Boost)  
  29  2:49  Adept  
  29  2:50  Probe (Chrono Boost)  
  33  2:54  Twilight Council  
  33  2:56  Probe (Chrono Boost)  
  34  3:01  Probe (Chrono Boost)  
  35  3:07  Probe (Chrono Boost)  
  35  3:11  Probe (Chrono Boost)  
  37  3:16  Adept, Robotics Facility  
  37  3:18  Probe (Chrono Boost)  
  40  3:44  Probe (Chrono Boost)  
  40  3:45  Probe (Chrono Boost), Adept  
  44  3:52  Resonating Glaives (Chrono Boost)  
  44  3:53  Probe  
  44  3:55  Probe  
  46  3:57  Nexus  
  44  4:04  Probe  
  44  4:05  Pylon  
  44  4:07  Probe  
  44  4:08  Assimilator  
  46  4:13  Assimilator  
  46  4:22  Probe, Pylon  
  46  4:23  Probe, Adept  
  50  4:25  Pylon  
  50  4:27  Observer  
  51  4:32  Templar Archives, Probe  
  51  4:35  Probe  
  53  4:43  Probe  
  54  4:47  Probe  
  54  4:49  Pylon  
  55  4:53  Probe  
  55  4:54  Observer  
  55  4:57  Psionic Storm  
  55  4:59  Probe  
  58  5:04  Probe  
  58  5:05  Assimilator  
  59  5:10  Assimilator  
  59  5:11  Probe  
  59  5:13  Gateway  
  60  5:14  Probe x2  
  60  5:20  Gateway  
  62  5:24  Probe x2, Gateway  
  62  5:25  Probe  
  65  5:32  Forge  
  65  5:35  Probe  
  65  5:36  Probe  
  65  5:38  Forge  
  65  5:40  Probe  
  65  5:41  High Templar  
  70  5:54  Probe  
  70  5:57  Probe, Pylon x2  
  71  6:03  Pylon  
  72  6:04  Protoss Ground Armor Level 1 (Chrono Boost)  
  72  6:05  Pylon  
  72  6:11  Protoss Ground Weapons Level 1 (Chrono Boost)  
  72  6:13  Adept x2  
  75  6:26  High Templar  
  75  6:27  Probe x2  
  75  6:30  Probe  
  80  6:37  Gateway x2, Probe  
  80  6:38  Gateway  
  80  6:39  Probe  
  82  6:42  Charge (Chrono Boost)  
  82  6:43  High Templar x2  
  82  6:44  Adept  
  88  6:47  Probe, Photon Cannon  
  88  6:48  Probe  
  88  6:52  Probe  
  91  6:58  Photon Cannon  
  91  7:00  Probe x2  
  91  7:01  Zealot, Photon Cannon  
  95  7:04  Pylon  
  95  7:09  Zealot  
  97  7:15  Zealot  
  97  7:16  Zealot  
  97  7:17  Nexus  
  97  7:18  Pylon  
  97  7:22  Gateway  
  101  7:23  High Templar  
  101  7:27  Gateway  
  101  7:29  High Templar  
  105  7:33  High Templar x2  
  105  7:34  Zealot  
  111  7:47  Adept, Photon Cannon  
  111  7:48  Adept, Photon Cannon  
  115  7:51  Protoss Ground Armor Level 2 (Chrono Boost)  
  115  7:53  Protoss Ground Weapons Level 2 (Chrono Boost)  
  115  7:54  Adept  
  115  7:56  Adept  
  119  8:02  Photon Cannon  
  119  8:03  Photon Cannon  
  119  8:15  Zealot x5  
  119  8:16  Zealot  
  131  8:21  Observer  
  132  8:30  Archon  
  132  8:31  Adept  
  130  8:35  Probe x2  
  130  8:36  Probe x2  
  130  8:38  Zealot  
  130  8:39  Zealot x3  
  136  8:45  Probe  
  136  8:47  Probe  
  134  8:48  Probe  
  134  8:50  Pylon  
  134  8:51  Pylon  
  135  8:56  High Templar x2  
  135  8:58  Stargate  
  135  8:59  Probe  
  135  9:00  Assimilator  
  135  9:01  High Templar  
  135  9:02  High Templar  
  144  9:04  Stargate, Assimilator  
  144  9:13  Zealot x3  
  144  9:14  Zealot x2  
  150  9:23  Archon  
  122  9:38  Probe x2  
  122  9:39  Zealot  
  122  9:40  Zealot x7  
  122  9:41  Zealot  
  132  9:51  Observer  
  122  10:00  High Templar x2  
  122  10:01  Zealot x7  
  122  10:05  Probe x2  
  138  10:10  Fleet Beacon  
  138  10:13  Observer  
  127  10:33  Zealot x2  
  127  10:34  Observer, Zealot x7  
  146  10:38  Probe  
  147  10:44  Protoss Ground Weapons Level 3 (Chrono Boost), Protoss Ground Armor Level 3 (Chrono Boost)  
  147  10:50  Oracle  
  147  10:56  Protoss Air Weapons Level 1  
  150  10:57  Probe x2  
  150  11:00  Photon Cannon  
  150  11:03  Photon Cannon  
  152  11:04  High Templar x2  
  152  11:06  Pylon, High Templar x2  
  152  11:10  Pylon  
  152  11:11  Tempest  
  164  11:20  Nexus  
  164  11:23  Pylon  
  164  11:24  Pylon  
  164  11:26  Tempest  
  148  11:58  Zealot  
  148  11:59  Zealot x8  
  157  12:03  Tempest  
  151  12:08  Tempest  
  151  12:10  Probe x2  
  151  12:11  Assimilator  
  153  12:27  Zealot x4  
  156  12:32  Zealot x5  
  164  12:38  Photon Cannon  
  164  12:39  Photon Cannon  
  164  12:40  Photon Cannon  
  164  12:42  Photon Cannon x3  
  164  12:44  Photon Cannon  
  164  12:46  Oracle, Photon Cannon  
  164  12:50  High Templar x2  
  171  12:51  Tempest  
  171  12:56  Pylon  
  175  13:02  Adept x6  
  175  13:03  Adept  
  181  13:30  Tempest  
  181  13:32  Protoss Air Weapons Level 2  
  185  13:34  Protoss Shields Level 1 (Chrono Boost)  
  185  13:35  Probe x2  
  187  13:53  Pylon  
  187  13:55  Photon Cannon  
  187  13:57  Photon Cannon  
  187  14:10  Assimilator  
  187  14:14  Assimilator  
  187  14:15  Robotics Bay  
  187  14:17  Robotics Facility  
  187  14:27  Assimilator  
  187  14:29  Probe x2  
  187  14:30  Probe  
  153  15:01  Adept x7  
  159  15:09  Adept x2  
  163  15:28  Protoss Shields Level 2 (Chrono Boost)  
  163  15:35  Tempest x2  
  171  15:48  Protoss Air Armor Level 1  
  171  15:51  Zealot x3  
  171  15:56  Colossus  
  177  15:57  High Templar x2  
  177  15:58  High Templar  
  177  15:59  High Templar  
  177  16:02  Colossus  
  197  16:04  Extended Thermal Lance (Chrono Boost)  
  197  16:07  Nexus  
  197  16:09  Pylon  
  197  16:11  Probe, Pylon  
  198  16:23  Pylon  
  198  16:26  Pylon  
  198  16:28  Pylon, Photon Cannon  
  198  16:29  High Templar  
  198  16:31  Photon Cannon  
  198  16:32  Zealot, Pylon  
  199  16:43  Zealot  
  197  17:12  Zealot x2  
  197  17:28  Nexus  
  197  17:30  Pylon  
  197  17:31  Pylon  
  197  17:40  Pylon  
  197  17:41  Pylon  
  197  17:42  Pylon  
  197  17:43  Zealot  
  187  18:17  Observer  
  187  18:20  Observer  
  187  18:26  Archon x2  
  175  18:34  Zealot  
  175  18:35  Zealot x8  
  173  18:47  Photon Cannon  
  160  18:49  Photon Cannon  
  160  18:51  Photon Cannon  
  160  18:53  Photon Cannon  
  156  18:55  Photon Cannon  
  156  19:01  High Templar x2  
  160  19:03  High Templar x4  
  168  19:10  Zealot x3, Assimilator  
  168  19:15  Pylon, Assimilator  
  168  19:17  Tempest x2  
  174  19:18  Pylon  
  174  19:23  Pylon  
  181  19:33  Zealot x5  
  181  19:35  Zealot x2  
  181  19:36  Zealot x2  
  199  19:48  Nexus  
  199  19:49  Pylon  
  199  19:52  Pylon  
  199  19:58  Photon Cannon  
  199  20:01  Photon Cannon  
  196  20:27  High Templar  
  196  20:28  High Templar  
  200  20:51  Nexus, Pylon  
  200  20:52  Pylon  
  200  20:55  Pylon  
  198  20:57  Pylon  
  198  21:02  Pylon  
  190  21:06  Protoss Shields Level 3  
  178  21:18  High Templar x3  
  184  21:21  Photon Cannon  
  184  21:22  Photon Cannon  
  184  21:23  Pylon  
  184  21:24  Oracle  
  187  21:25  Photon Cannon  
  187  21:26  Pylon  
  187  21:27  Photon Cannon  
  187  21:28  Protoss Air Weapons Level 3  
  187  21:31  Pylon  
  187  21:34  Zealot x6  
  187  21:36  Pylon  
  199  21:50  Photon Cannon  
  199  21:54  Photon Cannon  
  199  21:55  Photon Cannon  
  199  21:56  Photon Cannon  
  199  22:00  Zealot, Photon Cannon  
  199  22:01  Photon Cannon  
  199  22:06  Zealot  
  199  22:15  Dark Shrine  
  196  22:26  Zealot, Photon Cannon  
  196  22:27  Zealot  
  196  22:28  Photon Cannon  
  196  22:29  Zealot x2  
  200  22:32  Photon Cannon  
  200  22:49  Zealot x2  
  198  23:00  Zealot x2  
  200  23:12  Nexus, Pylon  
  200  23:14  High Templar  
  200  23:16  Pylon  
  200  23:21  Photon Cannon  
  200  23:22  Photon Cannon  
  200  23:24  Photon Cannon  
  200  23:27  Photon Cannon  
  200  23:29  Photon Cannon  
  200  23:31  Photon Cannon  
  200  23:34  Pylon  
  200  23:47  Assimilator  
  200  23:49  Assimilator  
  198  24:57  Photon Cannon  
  198  25:01  Photon Cannon  
  198  25:03  Photon Cannon  
  198  25:04  Photon Cannon  
  198  25:08  Photon Cannon  
  198  25:10  Photon Cannon  
  195  25:24  Oracle  
  195  25:27  Zealot  
  200  26:05  Photon Cannon  
  176  26:47  Zealot x4  
  176  26:49  Archon  
  154  27:00  Zealot x5  
  136  27:14  Archon  
  136  27:15  Zealot x4  
  132  27:23  Zealot x5  
  138  27:30  Colossus  
  138  27:36  Colossus, Tempest x2  
  144  27:54  High Templar x2  
  148  28:02  Zealot x2  
  148  28:03  Zealot x5  
  162  28:13  Pylon  
  162  28:18  Tempest  
  165  28:21  Observer  
  165  28:26  Stalker x3  
  165  28:27  Stalker x6  
  171  28:30  Colossus  
  183  28:40  Observer  
  166  28:53  Zealot x2  
  166  28:54  Zealot x6  
  176  28:58  Observer  
  176  28:59  Probe  
  178  29:05  Pylon  
  178  29:07  High Templar  
  180  29:15  Pylon  
  180  29:16  Pylon, High Templar x2  
  184  29:17  Observer, High Templar x2  
  184  29:18  Tempest x2, Pylon  
  184  29:19  Pylon x2  
  184  29:20  Pylon  
  197  29:24  Observer  
  197  29:25  Photon Cannon  
  197  29:26  Photon Cannon  
  197  29:28  Photon Cannon  
  197  29:42  Photon Cannon  
  197  29:43  Photon Cannon x2  
  197  29:45  Photon Cannon  
  196  29:46  Protoss Air Armor Level 2, Observer  
  196  29:47  Photon Cannon  
  196  29:50  Photon Cannon  
  196  29:51  Photon Cannon  
  196  29:52  Photon Cannon  
  197  30:01  Oracle  
  189  30:30  High Templar x2  
  189  30:32  High Templar x2  
  189  31:03  Dark Templar x2  
  193  31:24  Dark Templar x3  
  193  32:09  Photon Cannon  
  193  32:10  Photon Cannon  
  193  32:11  Photon Cannon  
  187  32:57  Pylon  
  187  33:00  Pylon x2  
  187  33:01  Pylon  
  187  33:04  Pylon  
  187  33:18  Nexus  
  187  33:20  Pylon  
  187  33:21  Pylon  
  187  33:38  Photon Cannon  
  187  33:39  Photon Cannon  
  187  33:41  Photon Cannon  
  187  33:43  Photon Cannon  
  187  33:46  Photon Cannon  
  187  33:49  Photon Cannon  
  187  33:51  Photon Cannon  
  187  33:53  Photon Cannon  
  159  34:29  High Templar  
  159  34:30  High Templar  
Show
View Real Time Build Order
Export as new Build Order

Spyro Terran 

Build Orders: Reaper Expand, MMM Bio 

Get SALT Encoding   

  12  0:01  SCV  
  13  0:13  SCV  
  14  0:17  Supply Depot  
  14  0:25  SCV  
  15  0:32  Refinery  
  15  0:39  SCV  
  16  0:44  Barracks  
  16  0:51  SCV  
  17  1:03  SCV  
  18  1:15  SCV  
  19  1:31  Orbital Command  
  19  1:32  Reaper  
  20  1:43  Command Center  
  20  1:53  Supply Depot  
  20  1:56  SCV  
  21  2:09  SCV, Barracks Reactor  
  21  2:15  Barracks  
  22  2:21  SCV  
  23  2:36  SCV  
  23  2:47  Engineering Bay  
  23  2:48  Engineering Bay  
  23  2:49  SCV, Marine x2  
  26  2:55  Orbital Command  
  26  3:01  SCV  
  26  3:03  Barracks Tech Lab  
  27  3:07  Marine x2  
  29  3:13  SCV  
  29  3:16  Terran Infantry Weapons Level 1  
  29  3:17  Terran Infantry Armor Level 1  
  30  3:24  Marine  
  30  3:25  SCV, Marine x2  
  34  3:28  Refinery  
  34  3:33  Stimpack  
  34  3:37  SCV x2  
  36  3:42  Marine  
  36  3:47  Marine x2  
  39  3:52  SCV x2  
  41  3:57  Supply Depot  
  41  4:00  Marine  
  41  4:04  SCV, Marine x2  
  41  4:09  SCV  
  45  4:16  SCV, Factory  
  46  4:20  Supply Depot  
  46  4:21  Marine  
  46  4:22  SCV, Marine x2  
  50  4:28  SCV  
  51  4:36  Command Center  
  51  4:39  Marine  
  51  4:40  Marine  
  51  4:42  SCV x2  
  51  4:45  Refinery  
  55  4:49  Supply Depot  
  55  4:54  SCV x2  
  55  4:56  Supply Depot  
  57  5:02  Armory  
  57  5:03  Marine x2  
  57  5:04  Marine  
  57  5:06  SCV  
  61  5:08  Starport  
  61  5:09  Factory Reactor  
  61  5:21  Marine x3  
  64  5:35  Barracks  
  64  5:36  Barracks  
  64  5:37  Barracks  
  64  5:39  Marine x3  
  64  5:40  Combat Shields  
  67  5:46  SCV x2  
  69  5:50  Refinery  
  69  5:55  Terran Infantry Weapons Level 2  
  69  5:57  Marine x2  
  69  5:58  SCV  
  69  6:00  SCV  
  69  6:04  Terran Infantry Armor Level 2  
  73  6:10  SCV  
  74  6:12  SCV  
  74  6:14  Supply Depot  
  75  6:22  SCV  
  75  6:26  Barracks Tech Lab  
  75  6:27  Barracks Reactor, Barracks Tech Lab  
  75  6:28  Marauder, Marine x2  
  75  6:31  Orbital Command  
  75  6:32  SCV  
  80  6:34  SCV  
  81  6:46  SCV x2, Marine x2  
  81  6:47  Ghost Academy  
  85  6:49  Marine  
  85  6:50  Supply Depot, Marauder  
  85  6:51  Concussive Shells  
  85  6:52  Medivac  
  90  6:56  Medivac  
  90  6:58  SCV x2  
  90  6:59  SCV  
  95  7:04  Marine  
  95  7:05  Supply Depot  
  95  7:06  Supply Depot  
  96  7:09  Marine x2  
  96  7:10  Marine, Marauder  
  96  7:12  SCV x2  
  103  7:20  Ghost  
  103  7:22  Medivac  
  107  7:25  SCV x2, Refinery  
  107  7:27  SCV, Medivac  
  107  7:29  Refinery  
  112  7:34  Supply Depot  
  112  7:35  Personal Cloaking  
  112  7:36  Supply Depot  
  112  7:47  Ghost, Marine  
  112  7:48  Marine x4  
  112  7:49  Marine  
  112  7:51  SCV x3  
  123  8:05  Marine  
  123  8:06  Ghost, Marine x2  
  123  8:07  Ghost  
  130  8:16  Ghost  
  130  8:17  Marine  
  133  8:22  Supply Depot x2  
  133  8:23  Marine  
  133  8:24  Marine x2  
  118  8:34  Ghost  
  118  8:35  Ghost  
  119  8:43  Marine x4  
  119  8:46  Marauder  
  119  8:48  Medivac x2  
  122  8:57  Terran Infantry Weapons Level 3  
  122  9:01  Marine x4  
  126  9:03  Marauder  
  126  9:05  Marauder  
  126  9:07  Marauder  
  128  9:11  Command Center  
  128  9:18  Marine, Medivac  
  128  9:19  Medivac, Marine x3  
  136  9:25  Marauder  
  136  9:26  Marine  
  136  9:27  Terran Infantry Armor Level 3  
  136  9:28  Marauder  
  131  9:36  Marine  
  126  9:39  Liberator x2  
  126  9:44  Marauder  
  125  9:46  Marauder  
  125  9:49  Marine x3  
  125  9:50  Marauder  
  119  9:54  Marine  
  117  10:05  Marine  
  117  10:07  Marine x3  
  112  10:08  Marauder  
  112  10:11  Barracks, Marauder  
  112  10:12  Barracks, Marine  
  120  10:14  Barracks  
  114  10:23  Marauder  
  114  10:24  Marine  
  114  10:25  Marine x2  
  114  10:26  Liberator x2  
  117  10:29  Marauder  
  117  10:32  Marauder  
  118  10:36  Planetary Fortress  
  118  10:39  Terran Ship Weapons Level 1  
  118  10:44  Marauder, Marine x4  
  130  10:50  Marine  
  130  10:53  Marine  
  131  11:01  Marine  
  131  11:02  Marine x3  
  135  11:05  Barracks Reactor x2, Barracks Tech Lab  
  135  11:06  Marauder  
  135  11:08  SCV x2, Marine  
  135  11:09  SCV  
  141  11:12  Marauder  
  143  11:19  Marine x3  
  143  11:20  SCV x2, Marine  
  143  11:21  SCV  
  150  11:25  Marine  
  150  11:27  Marine  
  150  11:28  Liberator x2  
  149  11:33  Marauder  
  149  11:37  Marine x4  
  152  11:41  Marauder, Marine x4  
  152  11:43  Marine  
  152  11:46  Marauder  
  160  11:54  Marine  
  160  11:55  Marine x4  
  160  11:59  Marine x4  
  167  12:02  Marine, Marauder  
  167  12:07  Marine  
  165  12:12  Marauder  
  165  12:13  Marine x3  
  162  12:32  Ghost x3  
  162  12:33  Ghost, Marine x6  
  172  12:37  Supply Depot  
  172  12:38  Supply Depot  
  172  12:39  Supply Depot  
  172  12:41  Supply Depot x2  
  172  12:47  Command Center  
  172  12:59  Command Center  
  172  13:00  Ghost x2, Marine x4  
  172  13:01  Marine x5  
  172  13:02  Terran Ship Weapons Level 2, Marine  
  186  13:07  Refinery  
  186  13:09  Refinery  
  186  13:18  Marine x2  
  182  13:26  Marine  
  179  13:27  Marine x7  
  186  13:39  Medivac x2  
  190  13:46  Starport  
  190  13:48  Factory Reactor  
  190  14:00  Planetary Fortress  
  190  14:06  Command Center  
  190  14:09  Medivac x2  
  194  14:14  Planetary Fortress  
  194  14:17  Missile Turret  
  194  14:37  Refinery  
  194  14:42  Refinery  
  149  15:11  Ghost x4  
  149  15:12  Marine  
  149  15:13  Marine x5  
  163  15:17  Widow Mine x2  
  162  15:32  Starport Tech Lab  
  156  15:36  Fusion Core  
  156  15:40  Ghost  
  156  15:41  Marauder x3  
  164  15:44  Liberator x3  
  164  15:45  Widow Mine x2  
  168  16:03  Ghost x3  
  168  16:04  Marine x5  
  184  16:08  Planetary Fortress, Ghost  
  190  16:21  Terran Ship Weapons Level 3  
  190  16:22  Command Center x2  
  190  16:23  Advanced Ballistics  
  190  16:26  Liberator  
  190  16:27  Liberator x2  
  186  17:37  Orbital Command  
  186  17:40  Command Center  
  186  17:41  Command Center  
  157  18:27  Marauder x3, Marine x4  
  157  18:28  Marine  
  155  18:36  Marauder, Marine x2  
  155  18:40  Marine  
  130  18:45  Marine x5  
  108  18:49  Marauder x3  
  108  18:53  Marine  
  108  18:54  Marine  
  107  18:57  Marauder  
  107  18:58  Marine  
  107  18:59  Medivac x3  
  114  19:03  Marine x5  
  114  19:09  Orbital Command x2  
  119  19:10  Marauder x3  
  119  19:12  Orbital Command  
  125  19:18  Marine  
  125  19:19  Marauder, Marine  
  128  19:25  Missile Turret  
  128  19:28  Marine x2  
  128  19:29  Medivac x3, Marine x4  
  139  19:31  Marauder x2  
  139  19:32  Marauder  
  139  19:36  Marine x2  
  147  19:40  Marauder  
  149  19:46  Marine x3  
  149  19:47  Marine  
  153  19:53  Marauder x3  
  153  19:59  Medivac x3  
  165  20:01  Marauder  
  154  20:21  Marine x2  
  154  20:22  Marine x7, Marauder x3  
  167  20:29  Medivac  
  169  20:39  Marine x2  
  167  21:03  Marauder, Marine x3  
  167  21:04  Marine x3  
  148  21:17  Viking x3  
  154  21:32  Starport x3  
  154  21:35  Starport  
  154  21:39  Refinery  
  154  21:42  Refinery  
  154  21:47  Viking x3  
  156  22:16  Viking x2  
  156  22:17  Viking  
  159  22:31  Starport Reactor  
  159  22:32  Starport Tech Lab x2, Starport Reactor  
  158  22:40  Terran Vehicle And Ship Armor Level 1  
  162  22:47  Viking, Ghost x4  
  161  23:08  Barracks  
  161  23:09  Barracks x2  
  161  23:10  Viking x3, Barracks  
  161  23:11  Viking x2  
  171  23:15  Ghost  
  171  23:16  Ghost x2  
  171  23:17  Viking  
  175  23:26  Orbital Command  
  157  23:34  Viking  
  157  23:40  Viking x4  
  157  23:41  Viking  
  169  23:46  Viking  
  171  23:57  Ghost x4  
  171  23:58  Barracks Tech Lab x2  
  171  23:59  Barracks Tech Lab x2  
  179  24:04  Viking  
  181  24:22  Ghost x4  
  189  24:25  Ghost x3  
  189  24:26  Ghost  
  189  25:44  Ghost x3  
  189  25:45  Ghost x2  
  153  26:47  Liberator  
  153  26:48  Liberator x5  
  137  27:01  Ghost x6  
  126  27:02  Ghost x2  
  126  27:05  Battlecruiser  
  132  27:29  Ghost x2  
  128  27:30  Ghost x2, Liberator  
  128  27:31  Liberator x2  
  116  27:45  Ghost x4  
  125  27:58  Ghost x4  
  125  28:01  Marine  
  125  28:02  Marine x7  
  141  28:14  Ghost x3, Marine  
  141  28:19  Marine  
  149  28:20  Marine x4  
  133  28:51  Marauder  
  117  29:00  Marine x2  
  117  29:01  Marine x13  
  126  29:12  Marine  
  127  29:18  Medivac x4  
  127  29:19  Medivac x3  
  127  29:20  Marine x2, Marauder x2  
  127  29:21  Marine x6, Marauder x2  
  151  29:48  Marauder x2, Medivac  
  151  29:49  Marine x8, Marauder x4  
  151  29:50  Marine x2  
  175  30:06  Marine  
  173  30:50  Nuke  
  173  30:51  Liberator x2  
  173  30:52  Liberator x5  
  137  31:43  Marine x3  
  137  31:44  Marine x10  
  142  32:22  Liberator x4  
  154  33:01  Marine x4  
  154  33:02  Marine x12  
  170  33:19  Marine  
  171  33:34  Marine x13  
Tags
 
Add a new tag
Caveats
  • Supply blocks, unpowered buildings, or Contaminate may cause inaccurate times.
  • Supply counts are checked every 10 seconds.